 Dungeon Crawl Stone Soup version 0.27-a0-1188-g73eefd5def (webtiles) character file.

Game seed: 16897291960792114403

25 raumwalross the Changer (level 3, -3/31 HPs)
             Began as a Naga Transmuter on May 22, 2021.
             Slain by a quokka (5 damage)
             ... on level 3 of the Dungeon.
             The game lasted 00:05:42 (1896 turns).

raumwalross the Changer (Naga Transmuter)           Turns: 1896, Time: 00:05:42

Health: -3/31      AC:  2    Str: 12    XL:     3   Next: 4%
Magic:  6/6        EV:  9    Int: 14    God:
Gold:   86         SH:  0    Dex: 11    Spells: 5/6 levels left

rFire    . . .     SeeInvis +     - Unarmed
rCold    . . .     Faith    .   (no shield)
rNeg     . . .     Spirit   .   a - +0 robe
rPois    +         Reflect  .   (helmet currently unavailable)
rElec    .         Harm     .   (no cloak)
rCorr    .         Rampage  .   (no gloves)
Will     .....                  (no barding)
Stlth    +.........             (no amulet)
HPRegen  0.10/turn              (no ring)
MPRegen  0.10/turn              (no ring)

@: appendages (expiring), very slow
A: horns 2, AC +1, large, see invisible, deformed body, poison resistance,
slowness 2, spit poison 1, naga tail 1
a: Spit Poison, End Transformation


You were on level 3 of the Dungeon.
You had temporarily grown beastly horns.
You visited 1 branch of the dungeon, and saw 3 of its levels.

You collected 86 gold pieces.

Inventory:

Armour
 a - a +0 robe (worn)
 j - a +0 helmet
Scrolls
 b - a scroll of fog {unknown}
 c - a scroll of immolation {unknown}
 d - a scroll of noise {unknown}
 e - 3 scrolls of identify {unknown}
 f - a scroll of teleportation {unknown}
 k - a scroll of summoning {unknown}
Potions
 g - a potion of attraction {unknown}
 h - 3 potions of brilliance {unknown}
 i - 2 potions of haste {unknown}


   Skills:
 - Level 1.0 Fighting
 - Level 1.5 Dodging
 - Level 3.0 Unarmed Combat
 - Level 2.0 Spellcasting
 + Level 3.4 Transmutations


You had 5 spell levels left.
You knew the following spells:

 Your Spells              Type           Power      Damage    Failure   Level
a - Beastly Appendage     Tmut           22%        N/A       6%          1

Your spell library contained the following spells:

 Spells                   Type           Power      Damage    Failure   Level
 Wereblood                Tmut           11%        N/A       9%          2
 Spider Form              Tmut/Pois      3%         N/A       34%         3
 Ice Form                 Ice/Tmut       6%         N/A       75%         4
 Hydra Form               Tmut           5%         N/A       85%         5


Dungeon Overview and Level Annotations

Branches:
Dungeon (3/15)

Altars:
Wu Jian


Innate Abilities, Weirdness & Mutations

You have temporarily grown beastly horns.
Your serpentine skin is tough. (AC +1)
You have supernaturally acute eyesight. (SInv)
Armour fits poorly on your strangely shaped body.
Your system is resistant to poisons. (rPois)
You cover ground very slowly.
You can spit poison.
You have a snake-like lower body.


Message History

The orc barely misses you.
You hit the orc.
The orc is lightly wounded.
The orc barely misses you. The quokka bites you.
You hit the orc.
The orc is severely wounded.
The orc closely misses you. The quokka closely misses you.
You hit the orc.
You kill the orc!
The quokka closely misses you.
You barely miss the orc. The quokka bites you.
You hit the orc.
The orc is heavily wounded.
The orc hits you with a +0 dagger.
The quokka bites you but does no damage.
You closely miss the orc.
The orc is heavily wounded.
The quokka barely misses you. The orc hits you with a +0 dagger.
You closely miss the orc.
The orc is heavily wounded.
The quokka bites you. The orc hits you with a +0 dagger. The quokka bites you.
You hit the orc but do no damage.
The orc is heavily wounded.
The orc closely misses you. The quokka closely misses you.
You barely miss the orc. You punch the orc, but do no damage.
The orc is heavily wounded.
The orc hits you with a +0 dagger.
* * * LOW HITPOINT WARNING * * *
The quokka bites you.
* * * LOW HITPOINT WARNING * * *
You hit the orc.
You kill the orc!
Your transformation is almost over.
The quokka barely misses you.
You have reached level 3!
Your experience leads to an increase in your attributes!
Increase (S)trength, (I)ntelligence, or (D)exterity?
You feel clever.
Your skin feels tougher.
You closely miss the orc. The orc closely misses you. The quokka bites you.
You die...

#... ...
.... ..#
#... #.#
## ...
#.# .
.<.._..##
#.#.#..
#...# #r#
#@# #o#
#.# #.#
#.# #.#
..# ...


You could see an orc and a quokka.

Vanquished Creatures
  A worm (D:2)
  A dart slug (D:1)
  2 orcs (D:3)
  3 bats (D:2)
  2 endoplasms (D:1)
  2 goblins (D:1)
  2 hobgoblins
  2 ball pythons (D:2)
  A frilled lizard (D:2)
  A rat (D:2)
17 creatures vanquished.

Notes
Turn   | Place    | Note
-------+----------+-------------------------------------------
     0 | D:1      | raumwalross the Naga Transmuter began the quest for the
                  | Orb.
     0 | D:1      | Reached XP level 1. HP: 18/18 MP: 3/3
   105 | D:1      | Found a faded altar of an unknown god.
   506 | D:1      | Reached XP level 2. HP: 23/25 MP: 5/5
  1883 | D:3      | Found an ornate altar of the Wu Jian Council.
  1896 | D:3      | Reached XP level 3. HP: 2/31 MP: 6/6
  1896 | D:3      | Slain by a quokka

Illustrated notes

Levels and vault maps discovered:
D:1:      denvon_arrival_planthouse, layout_loops_ring,
          ebering_ecumenical_altar_rust
D:2:      layout_basic, minmay_misc_feat_four_crosses
D:3:      layout_loops_ring, lemuel_crystal_altar, lemuel_crystal_altar,
          minmay_mini_jars

Skill      XL: |  1  2 |
---------------+-------+-----
Transmutations | 3 |  3.4
Fighting       | |  1.0
Dodging        | |  1.5
Unarmed Combat | |  3.0
Spellcasting   | |  2.0

Action                   || total
-------------------------++-------
Melee: Unarmed           ||    61
       Headbutt          ||     5
       Punch             ||     1
 Cast: Beastly Appendage ||     9
 Stab: Sleeping          ||     1
Armor: Robe              ||    10
Dodge: Dodged            ||    41

Table legend: (Time is in decaauts)
 A = Elapsed time spent in this place.
 B = Non-inter-level travel time spent in this place.
 C = Inter-level travel time spent in this place.
 D = Time resting spent in this place.
 E = Time spent auto-exploring this place.
 F = Levels seen in this place.
 G = Mean time per level.
                   A        B        C        D        E       F      G
               +--------+--------+--------+--------+--------+-----+--------+
         Total |   2366 |   2217 |    149 |    424 |   1529 |   3 |  788.7 |
       Dungeon |   2366 |   2217 |    149 |    424 |   1529 |   3 |  788.7 |
               +--------+--------+--------+--------+--------+-----+--------+

Top non-repeatable levels by time:
     D:1: 1277 daAuts
     D:2: 1076 daAuts
     D:3: 12 daAuts
